Penguins vs Wild

Created - March 4 2011 at 18:33

Goals
1 2 3 OT1 SO T
Penguins 0 0 1 0 1 2
Wild 0 1 0 0 0 1
Shots
1 2 3 OT1 SO T
Penguins 6 7 10 2 5 25
Wild 5 8 2 5 5 20

Period #1

No Goal

Penalties :
Michal Rozsival (MIN) for Hooking (Minor) at 6:04, Dan Girardi (PIT) for Holding (Minor) at 17:13

Period #2

1. Wild , Joe Pavelski 33 (Martin St. Louis, Milan Hejduk) at 13:35

Penalties :
Alexei Ponikarovsky (MIN) for Hooking (Minor) at 9:14, Freddy Meyer (MIN) for Tripping (Minor) at 14:18, Alexei Ponikarovsky (MIN) for Hooking (Minor) at 17:55

Period #3

2. Penguins , Daniel Sedin 24 (Henrik Sedin) at 0:10

Penalties :
Pavel Datsyuk (PIT) for Hooking (Minor) at 0:13, Aaron Ward (MIN) for Hooking (Minor) at 2:22, Mark Eaton (MIN) for Tripping (Minor) at 4:27, Freddy Meyer (MIN) for Roughing (Minor) at 8:21, Alexei Ponikarovsky (MIN) for Slashing (Minor) at 12:44, Jan Hejda (MIN) for Hooking (Minor) at 13:32, Stephane Yelle (MIN) for Holding Stick (Minor) at 17:15

Overtime #1

No Goal

Penalties :
No Penalty

Shootout

Penalty Shot by Henrik Sedin for Penguins - Stopped by Ilya Bryzgalov
Penalty Shot by Milan Hejduk for Wild - Stopped by Marc-Andre Fleury
Penalty Shot by Daniel Sedin for Penguins - Stopped by Ilya Bryzgalov
Penalty Shot by Daniel Alfredsson for Wild - Stopped by Marc-Andre Fleury
Penalty Shot by Pavel Datsyuk for Penguins - Stopped by Ilya Bryzgalov
Penalty Shot by Martin St. Louis for Wild - Stopped by Marc-Andre Fleury
Penalty Shot by Brad Richards for Penguins - Stopped by Ilya Bryzgalov
Penalty Shot by Joe Pavelski for Wild - Shot Misses the Net
Penalty Shot by Daniel Winnik for Penguins - Goal!
Penalty Shot by Robert Lang for Wild - Stopped by Marc-Andre Fleury

Penalties :
No Penalty

Goalie Stats

Marc-Andre Fleury (PIT), 19 saves from 20 shots - (0.950), W, 39-14-6, 65:00 minutes
Ilya Bryzgalov (MIN), 24 saves from 25 shots - (0.960), OTL, 34-22-5, 65:00 minutes

Players Stats

Penguins
Player Name              G  A  P  +/- PIM S  H  SB FO    MP 
------------------------------------------------------------
Blair Betts              0  0  0   0  0   1  1  1  4/13  14 
Bobby Ryan               0  0  0   0  0   1  2  0  0/0   13 
Brad Richards            0  0  0   0  0   0  0  0  11/24 25 
Brooks Orpik             0  0  0   1  0   1  1  1  0/0   18 
Claude Giroux            0  0  0   0  0   2  0  0  2/4   14 
Curtis Glencross         0  0  0  -1  0   1  0  0  0/1   6  
Dan Girardi              0  0  0  -1  2   1  1  0  0/0   22 
Daniel Sedin             1  0  1   1  0   6  1  0  0/2   23 
Daniel Winnik            0  0  0   0  0   1  2  0  0/2   22 
Henrik Sedin             0  1  1   1  0   3  0  0  15/28 25 
Ian Laperriere           0  0  0   0  0   0  0  0  0/0   0  
Jason Pominville         0  0  0  -1  0   2  1  0  1/3   24 
John-Michael Liles       0  0  0   0  0   0  0  0  0/0   0  
Nicklas Lidstrom         0  0  0  -1  0   0  0  0  0/0   26 
Pavel Datsyuk            0  0  0   0  2   4  3  0  0/2   22 
Pavel Kubina             0  0  0   0  0   0  1  0  0/0   23 
Sami Salo                0  0  0   0  0   0  0  1  0/0   15 
Stephane Robidas         0  0  0   1  0   2  0  0  0/0   25 
Wild
Player Name              G  A  P  +/- PIM S  H  SB FO    MP 
------------------------------------------------------------
Aaron Ward               0  0  0   0  2   0  0  1  0/0   11 
Alexei Ponikarovsky      0  0  0  -1  6   0  4  0  0/1   14 
Brian Willsie            0  0  0   0  0   0  0  0  0/1   17 
Chris Drury              0  0  0  -1  0   0  0  0  17/32 24 
Daniel Alfredsson        0  0  0  -1  0   6  0  1  0/5   22 
Freddy Meyer             0  0  0   0  4   2  1  0  0/0   21 
Jan Hejda                0  0  0  -1  2   0  4  1  0/0   23 
Jay Leach                0  0  0   0  0   0  0  0  0/0   2  
Joe Pavelski             1  0  1   1  0   6  1  1  16/20 22 
Mark Eaton               0  0  0  -1  2   0  0  1  0/0   22 
Martin St. Louis         0  1  1   1  0   2  0  0  0/0   19 
Michal Rozsival          0  0  0   1  2   0  2  4  0/0   21 
Milan Hejduk             0  1  1   1  0   2  0  0  0/0   17 
Olli Jokinen             0  0  0   0  0   0  0  0  0/3   4  
Rob Niedermayer          0  0  0   0  0   2  1  0  13/17 18 
Robert Lang              0  0  0   0  0   0  0  0  0/0   2  
Ryan Whitney             0  0  0   1  0   0  0  1  0/0   25 
Stephane Yelle           0  0  0   0  2   0  3  0  0/0   17 

3 Stars

1 - Ilya Bryzgalov (MIN)
2 - Marc-Andre Fleury (PIT)
3 - Joe Pavelski (MIN)

Power Play

Penguins - 0 on 10 Attempt(s) - 0.00%
Wild - 0 on 2 Attempt(s) - 0.00%

Penalty Kill

Penguins - 2 on 2 Attempt(s) - 100.00% - Score 0 goal in Penalty Kill
Wild - 10 on 10 Attempt(s) - 100.00% - Score 0 goal in Penalty Kill

Game Notes

No Game Note

Finance

Level 1 -- Attendance: 5402 (83.11%) -- Ticket Income $540,200.00
Level 2 -- Attendance: 3798 (75.96%) -- Ticket Income $227,880.00
Level 3 -- Attendance: 3021 (86.31%) -- Ticket Income $105,735.00
Level 4 -- Attendance: 2064 (100.00%) -- Ticket Income $41,280.00
Luxury Box -- Attendance: 838 (83.80%) -- Ticket Income $167,600.00
Game was played at the Xcel Energy Center
Total Attendance: 15123 (83.72%)
Total Ticket Income: $1,171,444.00
Other Income: $205,752.30
Total Income: $1,377,196.00


Play by Play

Period #1

0:01 of 1st period - Chris Drury wins face-off versus Henrik Sedin in neutral zone.
0:04 of 1st period - Shot by Daniel Alfredsson.
0:04 of 1st period - Stopped by Marc-Andre Fleury without a rebound.
0:05 of 1st period - Joe Pavelski wins face-off versus Brad Richards in Penguins zone.
0:05 of 1st period - Joe Pavelski is hit by Pavel Kubina.
1:12 of 1st period - Jason Pominville is hit by Alexei Ponikarovsky and loses puck.
1:18 of 1st period - Nicklas Lidstrom is hit by Alexei Ponikarovsky and loses puck.
1:45 of 1st period - Shot by Daniel Sedin.
1:45 of 1st period - Shot Misses the Net.
1:49 of 1st period - Shot by Henrik Sedin.
1:49 of 1st period - Stopped by Ilya Bryzgalov without a rebound.
1:50 of 1st period - Rob Niedermayer wins face-off versus Blair Betts in Wild zone.
2:40 of 1st period - Joe Pavelski is hit by Blair Betts and loses puck.
4:04 of 1st period - Icing by Brad Richards.
4:05 of 1st period - Brad Richards wins face-off versus Rob Niedermayer in Penguins zone.
4:05 of 1st period - Brad Richards is hit by Stephane Yelle.
4:15 of 1st period - Rob Niedermayer is hit by Pavel Datsyuk and loses puck.
4:45 of 1st period - Shot by Claude Giroux.
4:45 of 1st period - Stopped by Ilya Bryzgalov without a rebound.
4:46 of 1st period - Henrik Sedin wins face-off versus Chris Drury in Wild zone.
5:29 of 1st period - Icing by Jan Hejda.
5:30 of 1st period - Blair Betts wins face-off versus Chris Drury in Wild zone.
6:04 of 1st period - Minor Penalty to Michal Rozsival for Hooking.
6:05 of 1st period - Rob Niedermayer wins face-off versus Jason Pominville in Wild zone.
6:29 of 1st period - Shot by Henrik Sedin.
6:29 of 1st period - Shot Misses the Net.
7:40 of 1st period - Shot by Jason Pominville.
7:40 of 1st period - Stopped by Ilya Bryzgalov without a rebound.
7:41 of 1st period - Rob Niedermayer wins face-off versus Brad Richards in Wild zone.
8:09 of 1st period - Shot by Claude Giroux.
8:09 of 1st period - Shot Blocked by Ryan Whitney.
9:02 of 1st period - Shot by Jason Pominville.
9:02 of 1st period - Deflect By Pavel Datsyuk.
9:02 of 1st period - Stopped by Ilya Bryzgalov without a rebound.
9:03 of 1st period - Rob Niedermayer wins face-off versus Daniel Sedin in Wild zone.
9:12 of 1st period - Shot by Freddy Meyer.
9:12 of 1st period - Shot Blocked by Brooks Orpik.
10:35 of 1st period - Blair Betts is hit by Alexei Ponikarovsky and loses puck.
11:07 of 1st period - Dan Girardi is hit by Jan Hejda and loses puck.
11:11 of 1st period - Icing by Mark Eaton.
11:12 of 1st period - Chris Drury wins face-off versus Henrik Sedin in Wild zone.
11:54 of 1st period - Off-side.
11:55 of 1st period - Joe Pavelski wins face-off versus Brad Richards in neutral zone.
12:08 of 1st period - Shot by Joe Pavelski.
12:08 of 1st period - Shot Misses the Net.
12:27 of 1st period - Joe Pavelski is hit by Pavel Datsyuk and loses puck.
13:41 of 1st period - Shot by Daniel Sedin.
13:41 of 1st period - Shot Misses the Net.
13:43 of 1st period - Shot by Stephane Robidas.
13:43 of 1st period - Stopped by Ilya Bryzgalov without a rebound.
13:44 of 1st period - Rob Niedermayer wins face-off versus Daniel Sedin in Wild zone.
14:11 of 1st period - Brooks Orpik is hit by Rob Niedermayer.
14:44 of 1st period - Jason Pominville is hit by Freddy Meyer and loses puck.
15:45 of 1st period - Shot by Bobby Ryan.
15:45 of 1st period - Stopped by Ilya Bryzgalov without a rebound.
15:46 of 1st period - Brad Richards wins face-off versus Chris Drury in Wild zone.
15:59 of 1st period - Pavel Datsyuk is hit by Alexei Ponikarovsky and loses puck.
16:25 of 1st period - Icing by Nicklas Lidstrom.
16:26 of 1st period - Joe Pavelski wins face-off versus Jason Pominville in Penguins zone.
16:37 of 1st period - Shot by Joe Pavelski.
16:37 of 1st period - Shot Hit the Post.
17:13 of 1st period - Minor Penalty to Dan Girardi for Holding.
17:14 of 1st period - Blair Betts wins face-off versus Olli Jokinen in Penguins zone.
17:39 of 1st period - Shot by Daniel Alfredsson.
17:39 of 1st period - Stopped by Marc-Andre Fleury without a rebound.
17:40 of 1st period - Chris Drury wins face-off versus Claude Giroux in Penguins zone.
18:05 of 1st period - Shot by Milan Hejduk.
18:05 of 1st period - Stopped by Marc-Andre Fleury without a rebound.
18:06 of 1st period - Joe Pavelski wins face-off versus Claude Giroux in Penguins zone.
19:03 of 1st period - Shot by Freddy Meyer.
19:03 of 1st period - Stopped by Marc-Andre Fleury without a rebound.
19:04 of 1st period - Henrik Sedin wins face-off versus Chris Drury in Penguins zone.
19:34 of 1st period - Shot by Rob Niedermayer.
19:34 of 1st period - Stopped by Marc-Andre Fleury without a rebound.
19:35 of 1st period - Chris Drury wins face-off versus Henrik Sedin in Penguins zone.

Period #2

0:01 of 2nd period - Henrik Sedin wins face-off versus Chris Drury in neutral zone.
0:22 of 2nd period - Shot by Henrik Sedin.
0:22 of 2nd period - Deflect By Daniel Sedin.
0:22 of 2nd period - Shot Misses the Net.
0:43 of 2nd period - Daniel Sedin is hit by Jan Hejda and loses puck.
1:29 of 2nd period - Icing by Ryan Whitney.
1:30 of 2nd period - Blair Betts wins face-off versus Joe Pavelski in Wild zone.
1:48 of 2nd period - Icing by Ryan Whitney.
1:49 of 2nd period - Joe Pavelski wins face-off versus Brad Richards in Wild zone.
2:13 of 2nd period - Shot by Pavel Datsyuk.
2:13 of 2nd period - Stopped by Ilya Bryzgalov without a rebound.
2:14 of 2nd period - Rob Niedermayer wins face-off versus Blair Betts in Wild zone.
2:33 of 2nd period - Shot by Freddy Meyer.
2:33 of 2nd period - Stopped by Marc-Andre Fleury with a rebound.
2:35 of 2nd period - Shot by Aaron Ward.
2:35 of 2nd period - Shot Misses the Net.
2:56 of 2nd period - Chris Drury is hit by Daniel Winnik and loses puck.
3:50 of 2nd period - Shot by Brad Richards.
3:50 of 2nd period - Shot Misses the Net.
3:55 of 2nd period - Icing by Martin St. Louis.
3:56 of 2nd period - Joe Pavelski wins face-off versus Henrik Sedin in Wild zone.
4:08 of 2nd period - Shot by Bobby Ryan.
4:08 of 2nd period - Shot Blocked by Joe Pavelski.
4:10 of 2nd period - Shot by Daniel Sedin.
4:10 of 2nd period - Stopped by Ilya Bryzgalov with a rebound.
5:26 of 2nd period - Shot by Rob Niedermayer.
5:26 of 2nd period - Stopped by Marc-Andre Fleury without a rebound.
5:27 of 2nd period - Chris Drury wins face-off versus Blair Betts in Penguins zone.
5:28 of 2nd period - Shot by Daniel Alfredsson.
5:28 of 2nd period - Shot Blocked by Sami Salo.
5:30 of 2nd period - Shot by Chris Drury.
5:30 of 2nd period - Shot Blocked by Blair Betts.
5:33 of 2nd period - Icing by Sami Salo.
5:34 of 2nd period - Chris Drury wins face-off versus Blair Betts in Penguins zone.
6:25 of 2nd period - Shot by Henrik Sedin.
6:25 of 2nd period - Stopped by Ilya Bryzgalov without a rebound.
6:26 of 2nd period - Rob Niedermayer wins face-off versus Brad Richards in Wild zone.
6:26 of 2nd period - Rob Niedermayer is hit by Pavel Datsyuk.
7:05 of 2nd period - Shot by Stephane Yelle.
7:05 of 2nd period - Shot Misses the Net.
7:17 of 2nd period - Shot by Joe Pavelski.
7:17 of 2nd period - Shot Misses the Net.
7:21 of 2nd period - Shot by Martin St. Louis.
7:21 of 2nd period - Stopped by Marc-Andre Fleury without a rebound.
7:22 of 2nd period - Joe Pavelski wins face-off versus Blair Betts in Penguins zone.
7:22 of 2nd period - Daniel Alfredsson is hit by Dan Girardi and loses puck.
7:47 of 2nd period - Shot by Claude Giroux.
7:47 of 2nd period - Shot Blocked by Daniel Alfredsson.
7:51 of 2nd period - Shot by Claude Giroux.
7:51 of 2nd period - Stopped by Ilya Bryzgalov without a rebound.
7:52 of 2nd period - Henrik Sedin wins face-off versus Rob Niedermayer in Wild zone.
8:23 of 2nd period - Brian Willsie is hit by Daniel Sedin and loses puck.
9:02 of 2nd period - Nicklas Lidstrom is hit by Joe Pavelski and loses puck.
9:07 of 2nd period - Shot by Joe Pavelski.
9:07 of 2nd period - Stopped by Marc-Andre Fleury without a rebound.
9:08 of 2nd period - Chris Drury wins face-off versus Blair Betts in Penguins zone.
9:14 of 2nd period - Minor Penalty to Alexei Ponikarovsky for Hooking.
9:15 of 2nd period - Brad Richards wins face-off versus Brian Willsie in Wild zone.
9:43 of 2nd period - Shot by Brad Richards.
9:43 of 2nd period - Shot Misses the Net.
10:09 of 2nd period - Icing by Nicklas Lidstrom.
10:10 of 2nd period - Henrik Sedin wins face-off versus Rob Niedermayer in Penguins zone.
10:10 of 2nd period - Henrik Sedin is hit by Stephane Yelle.
12:38 of 2nd period - Shot by Claude Giroux.
12:38 of 2nd period - Shot Blocked by Aaron Ward.
12:40 of 2nd period - Shot by Blair Betts.
12:40 of 2nd period - Stopped by Ilya Bryzgalov without a rebound.
12:41 of 2nd period - Henrik Sedin wins face-off versus Daniel Alfredsson in Wild zone.
12:44 of 2nd period - Shot by Daniel Sedin.
12:44 of 2nd period - Shot Blocked by Jan Hejda.
13:02 of 2nd period - Shot by Daniel Sedin.
13:02 of 2nd period - Stopped by Ilya Bryzgalov with a rebound.
13:04 of 2nd period - Shot by Stephane Robidas.
13:04 of 2nd period - Stopped by Ilya Bryzgalov without a rebound.
13:05 of 2nd period - Jason Pominville wins face-off versus Joe Pavelski in Wild zone.
13:16 of 2nd period - Joe Pavelski is hit by Daniel Winnik and loses puck.
13:35 of 2nd period - Shot by Joe Pavelski.
13:35 of 2nd period - Goal by Joe Pavelski - Penguins : 0 - Wild : 1.
13:36 of 2nd period - Brad Richards wins face-off versus Chris Drury in neutral zone.
13:43 of 2nd period - Shot by Pavel Datsyuk.
13:43 of 2nd period - Shot Misses the Net.
13:55 of 2nd period - Shot by Daniel Alfredsson.
13:55 of 2nd period - Stopped by Marc-Andre Fleury with a rebound.
13:59 of 2nd period - Shot by Daniel Alfredsson.
13:59 of 2nd period - Stopped by Marc-Andre Fleury with a rebound.
14:01 of 2nd period - Shot by Daniel Alfredsson.
14:01 of 2nd period - Stopped by Marc-Andre Fleury without a rebound.
14:02 of 2nd period - Rob Niedermayer wins face-off versus Henrik Sedin in Penguins zone.
14:13 of 2nd period - Shot by Rob Niedermayer.
14:13 of 2nd period - Deflect By Brian Willsie.
14:13 of 2nd period - Shot Misses the Net.
14:18 of 2nd period - Minor Penalty to Freddy Meyer for Tripping.
14:19 of 2nd period - Rob Niedermayer wins face-off versus Brad Richards in Wild zone.
14:27 of 2nd period - Brad Richards is hit by Jan Hejda and loses puck.
14:47 of 2nd period - Shot by Stephane Robidas.
14:47 of 2nd period - Deflect By Brad Richards.
14:47 of 2nd period - Shot Blocked by Michal Rozsival.
16:03 of 2nd period - Icing by Bobby Ryan.
16:04 of 2nd period - Rob Niedermayer wins face-off versus Pavel Datsyuk in Penguins zone.
16:11 of 2nd period - Rob Niedermayer is hit by Bobby Ryan.
16:18 of 2nd period - Pavel Datsyuk is hit by Michal Rozsival.
17:07 of 2nd period - Icing by Brooks Orpik.
17:08 of 2nd period - Henrik Sedin wins face-off versus Rob Niedermayer in Penguins zone.
17:08 of 2nd period - Henrik Sedin is hit by Stephane Yelle.
17:26 of 2nd period - Freddy Meyer is hit by Bobby Ryan and loses puck.
17:44 of 2nd period - Off-side.
17:45 of 2nd period - Chris Drury wins face-off versus Blair Betts in neutral zone.
17:55 of 2nd period - Minor Penalty to Alexei Ponikarovsky for Hooking.
17:56 of 2nd period - Brad Richards wins face-off versus Chris Drury in Wild zone.

Period #3

0:01 of 3rd period - Henrik Sedin wins face-off versus Chris Drury in neutral zone.
0:10 of 3rd period - Shot by Daniel Sedin.
0:10 of 3rd period - Goal by Daniel Sedin - Penguins : 1 - Wild : 1.
0:11 of 3rd period - Joe Pavelski wins face-off versus Pavel Datsyuk in neutral zone.
0:13 of 3rd period - Minor Penalty to Pavel Datsyuk for Hooking.
0:14 of 3rd period - Joe Pavelski wins face-off versus Blair Betts in Penguins zone.
0:39 of 3rd period - Shot by Martin St. Louis.
0:39 of 3rd period - Shot Misses the Net.
0:43 of 3rd period - Shot by Martin St. Louis.
0:43 of 3rd period - Stopped by Marc-Andre Fleury without a rebound.
0:44 of 3rd period - Claude Giroux wins face-off versus Olli Jokinen in Penguins zone.
0:50 of 3rd period - Icing by Daniel Alfredsson.
0:51 of 3rd period - Claude Giroux wins face-off versus Olli Jokinen in Wild zone.
1:12 of 3rd period - Shot by Jan Hejda.
1:12 of 3rd period - Shot Misses the Net.
1:29 of 3rd period - Shot by Freddy Meyer.
1:29 of 3rd period - Shot Misses the Net.
2:22 of 3rd period - Minor Penalty to Aaron Ward for Hooking.
2:23 of 3rd period - Henrik Sedin wins face-off versus Chris Drury in Wild zone.
2:56 of 3rd period - Shot by Henrik Sedin.
2:56 of 3rd period - Shot Misses the Net.
2:58 of 3rd period - Shot by Pavel Kubina.
2:58 of 3rd period - Shot Blocked by Michal Rozsival.
3:00 of 3rd period - Shot by Nicklas Lidstrom.
3:00 of 3rd period - Shot Blocked by Michal Rozsival.
3:34 of 3rd period - Icing by Pavel Datsyuk.
3:35 of 3rd period - Chris Drury wins face-off versus Brad Richards in Penguins zone.
3:44 of 3rd period - Shot by Chris Drury.
3:44 of 3rd period - Shot Misses the Net.
3:48 of 3rd period - Shot by Brian Willsie.
3:48 of 3rd period - Shot Misses the Net.
4:27 of 3rd period - Minor Penalty to Mark Eaton for Tripping.
4:28 of 3rd period - Henrik Sedin wins face-off versus Chris Drury in Wild zone.
5:24 of 3rd period - Shot by Pavel Datsyuk.
5:24 of 3rd period - Stopped by Ilya Bryzgalov with a rebound.
5:26 of 3rd period - Shot by Pavel Datsyuk.
5:26 of 3rd period - Stopped by Ilya Bryzgalov without a rebound.
5:27 of 3rd period - Chris Drury wins face-off versus Daniel Winnik in Wild zone.
5:42 of 3rd period - Shot by Brad Richards.
5:42 of 3rd period - Shot Misses the Net.
5:44 of 3rd period - Shot by Daniel Winnik.
5:44 of 3rd period - Stopped by Ilya Bryzgalov without a rebound.
5:45 of 3rd period - Rob Niedermayer wins face-off versus Henrik Sedin in Wild zone.
6:24 of 3rd period - Icing by Pavel Datsyuk.
6:25 of 3rd period - Brad Richards wins face-off versus Daniel Alfredsson in Penguins zone.
6:35 of 3rd period - Off-side.
6:36 of 3rd period - Blair Betts wins face-off versus Alexei Ponikarovsky in neutral zone.
7:29 of 3rd period - Shot by Milan Hejduk.
7:29 of 3rd period - Shot Misses the Net.
7:43 of 3rd period - Shot by Pavel Datsyuk.
7:43 of 3rd period - Shot Blocked by Michal Rozsival.
7:50 of 3rd period - Pavel Datsyuk is hit by Michal Rozsival and loses puck.
8:02 of 3rd period - Icing by Martin St. Louis.
8:03 of 3rd period - Joe Pavelski wins face-off versus Henrik Sedin in Wild zone.
8:21 of 3rd period - Minor Penalty to Freddy Meyer for Roughing.
8:22 of 3rd period - Brad Richards wins face-off versus Chris Drury in Wild zone.
8:33 of 3rd period - Shot by Brooks Orpik.
8:33 of 3rd period - Stopped by Ilya Bryzgalov without a rebound.
8:34 of 3rd period - Chris Drury wins face-off versus Henrik Sedin in Wild zone.
10:48 of 3rd period - Shot by Curtis Glencross.
10:48 of 3rd period - Stopped by Ilya Bryzgalov with a rebound.
12:15 of 3rd period - Icing by Sami Salo.
12:16 of 3rd period - Chris Drury wins face-off versus Curtis Glencross in Penguins zone.
12:44 of 3rd period - Minor Penalty to Alexei Ponikarovsky for Slashing.
12:45 of 3rd period - Chris Drury wins face-off versus Brad Richards in Wild zone.
13:02 of 3rd period - Shot by Brad Richards.
13:02 of 3rd period - Shot Hit the Post.
13:07 of 3rd period - Shot by Daniel Winnik.
13:07 of 3rd period - Shot Blocked by Mark Eaton.
13:09 of 3rd period - Shot by Dan Girardi.
13:09 of 3rd period - Shot Misses the Net.
13:11 of 3rd period - Shot by Dan Girardi.
13:11 of 3rd period - Stopped by Ilya Bryzgalov without a rebound.
13:12 of 3rd period - Henrik Sedin wins face-off versus Daniel Alfredsson in Wild zone.
13:26 of 3rd period - Jason Pominville is hit by Jan Hejda and loses puck.
13:32 of 3rd period - Minor Penalty to Jan Hejda for Hooking.
13:33 of 3rd period - Brad Richards wins face-off versus Chris Drury in Wild zone.
14:01 of 3rd period - Off-side.
14:02 of 3rd period - Henrik Sedin wins face-off versus Daniel Alfredsson in neutral zone.
14:07 of 3rd period - Shot by Daniel Sedin.
14:07 of 3rd period - Stopped by Ilya Bryzgalov without a rebound.
14:08 of 3rd period - Henrik Sedin wins face-off versus Daniel Alfredsson in Wild zone.
14:33 of 3rd period - Shot by Nicklas Lidstrom.
14:33 of 3rd period - Deflect By Daniel Sedin.
14:33 of 3rd period - Stopped by Ilya Bryzgalov without a rebound.
14:34 of 3rd period - Chris Drury wins face-off versus Brad Richards in Wild zone.
15:47 of 3rd period - Icing by Nicklas Lidstrom.
15:48 of 3rd period - Joe Pavelski wins face-off versus Daniel Winnik in Penguins zone.
16:26 of 3rd period - Icing by Daniel Sedin.
16:27 of 3rd period - Brad Richards wins face-off versus Chris Drury in Penguins zone.
16:41 of 3rd period - Icing by Mark Eaton.
16:42 of 3rd period - Henrik Sedin wins face-off versus Chris Drury in Wild zone.
16:51 of 3rd period - Shot by Henrik Sedin.
16:51 of 3rd period - Stopped by Ilya Bryzgalov with a rebound.
17:15 of 3rd period - Minor Penalty to Stephane Yelle for Holding Stick.
17:16 of 3rd period - Rob Niedermayer wins face-off versus Blair Betts in Wild zone.
18:00 of 3rd period - Icing by Jason Pominville.
18:01 of 3rd period - Rob Niedermayer wins face-off versus Henrik Sedin in Penguins zone.
19:16 of 3rd period - Icing by Pavel Kubina.
19:17 of 3rd period - Joe Pavelski wins face-off versus Henrik Sedin in Penguins zone.
19:23 of 3rd period - Shot by Joe Pavelski.
19:23 of 3rd period - Stopped by Marc-Andre Fleury without a rebound.
19:24 of 3rd period - Joe Pavelski wins face-off versus Henrik Sedin in Penguins zone.
19:38 of 3rd period - Daniel Alfredsson is hit by Brooks Orpik and loses puck.

Overtime #1

0:01 of 1st overtime period - Henrik Sedin wins face-off versus Chris Drury in neutral zone.
0:08 of 1st overtime period - Shot by Henrik Sedin.
0:08 of 1st overtime period - Deflect By Daniel Sedin.
0:08 of 1st overtime period - Shot Misses the Net.
0:44 of 1st overtime period - Shot by Daniel Sedin.
0:44 of 1st overtime period - Stopped by Ilya Bryzgalov without a rebound.
0:45 of 1st overtime period - Joe Pavelski wins face-off versus Brad Richards in Wild zone.
0:58 of 1st overtime period - Shot by Joe Pavelski.
0:58 of 1st overtime period - Stopped by Marc-Andre Fleury without a rebound.
0:59 of 1st overtime period - Brad Richards wins face-off versus Joe Pavelski in Penguins zone.
1:06 of 1st overtime period - Shot by Jason Pominville.
1:06 of 1st overtime period - Stopped by Ilya Bryzgalov without a rebound.
1:07 of 1st overtime period - Joe Pavelski wins face-off versus Brad Richards in Wild zone.
1:26 of 1st overtime period - Shot by Joe Pavelski.
1:26 of 1st overtime period - Stopped by Marc-Andre Fleury without a rebound.
1:27 of 1st overtime period - Chris Drury wins face-off versus Henrik Sedin in Penguins zone.
1:50 of 1st overtime period - Off-side.
1:51 of 1st overtime period - Joe Pavelski wins face-off versus Brad Richards in neutral zone.
2:19 of 1st overtime period - Shot by Joe Pavelski.
2:19 of 1st overtime period - Stopped by Marc-Andre Fleury with a rebound.
2:26 of 1st overtime period - Icing by Stephane Robidas.
2:27 of 1st overtime period - Chris Drury wins face-off versus Brad Richards in Penguins zone.
2:39 of 1st overtime period - Shot by Milan Hejduk.
2:39 of 1st overtime period - Stopped by Marc-Andre Fleury without a rebound.
2:40 of 1st overtime period - Chris Drury wins face-off versus Henrik Sedin in Penguins zone.
3:27 of 1st overtime period - Icing by Mark Eaton.
3:28 of 1st overtime period - Brad Richards wins face-off versus Joe Pavelski in Wild zone.
3:47 of 1st overtime period - Shot by Daniel Alfredsson.
3:47 of 1st overtime period - Stopped by Marc-Andre Fleury with a rebound.
4:55 of 1st overtime period - Michal Rozsival is hit by Jason Pominville.

ShootOut

ShootOut - Penalty Shot by Henrik Sedin for Penguins.
ShootOut - Stopped by Ilya Bryzgalov.
ShootOut - Penalty Shot by Milan Hejduk for Wild.
ShootOut - Stopped by Marc-Andre Fleury.
ShootOut - Penalty Shot by Daniel Sedin for Penguins.
ShootOut - Stopped by Ilya Bryzgalov.
ShootOut - Penalty Shot by Daniel Alfredsson for Wild.
ShootOut - Stopped by Marc-Andre Fleury.
ShootOut - Penalty Shot by Pavel Datsyuk for Penguins.
ShootOut - Stopped by Ilya Bryzgalov.
ShootOut - Penalty Shot by Martin St. Louis for Wild.
ShootOut - Stopped by Marc-Andre Fleury.
ShootOut - Penalty Shot by Brad Richards for Penguins.
ShootOut - Stopped by Ilya Bryzgalov.
ShootOut - Penalty Shot by Joe Pavelski for Wild.
ShootOut - Shot Misses the Net.
ShootOut - Penalty Shot by Daniel Winnik for Penguins.
ShootOut - Goal by Daniel Winnik.
ShootOut - Penalty Shot by Robert Lang for Wild.
ShootOut - Stopped by Marc-Andre Fleury.


Output by the SimonT Hockey Simulator (STHS) for Stephane Roy -- Original Page W3C XHTML 1.0 Valid